 Dungeon Crawl Stone Soup version 0.26-a0-639-g72c4674329 (webtiles) character file.

Game seed: 6365767485084310321

(classic levelgen) 6086 EnegeticOcto the Cleaver (level 10, -6/92 HPs)
             Began as a Deep Dwarf Fighter on Sept 27, 2020.
             Was an Elder of Makhleb.
             Mangled by Urug
             ... wielding a +3 demon trident of draining
              (9 damage)
             ... on level 10 of the Dungeon.
             The game lasted 00:05:52 (5875 turns).

EnegeticOcto the Cleaver (Deep Dwarf Fighter)       Turns: 5875, Time: 00:05:52

Health: -6/92      AC: 15    Str: 29    XL:     10   Next: 58%
Magic:  3/3        EV:  8    Int:  9    God:    Makhleb [****..]
Gold:   85         SH: 10    Dex: 12    Spells: 9/9 levels left

rFire    . . .     SeeInvis +   b - +1 war axe (freeze)
rCold    . . .     Faith    .   c - +1 kite shield
rNeg     . . .     Spirit   .   p - +0 plate armour
rPois    .         Reflect  .   G - +2 helmet {SInv}
rElec    .         Harm     .   (no cloak)
rCorr    .         Rampage  .   D - +1 pair of gloves
MR       +....                  (no boots)
Stlth    ..........             v - amulet of the acrobat
HPRegen  0.00/turn              y - +4 ring of evasion
MPRegen  0.08/turn              z - +6 ring of strength

@: non-regenerating, extremely drained
A: damage resistance, heal wounds, sense surroundings 2, no regeneration
a: Heal Wounds, Minor Destruction, Lesser Servant of Makhleb, Major Destruction,
Renounce Religion


You were on level 10 of the Dungeon.
You worshipped Makhleb.
Makhleb was greatly pleased with you.
You visited 2 branches of the dungeon, and saw 11 of its levels.
You also visited: Sewer and Ossuary.

You collected 392 gold pieces.
You spent 307 gold pieces at shops.

Inventory:

Hand Weapons
 b - a +1 war axe of freezing (weapon)
Armour
 c - a +1 kite shield (worn)
 p - a +0 plate armour (worn)
 D - a +1 pair of gloves (worn)
 G - a +2 helmet of see invisible (worn)
Jewellery
 v - an amulet of the acrobat (around neck)
 y - a +4 ring of evasion (left hand)
 z - a +6 ring of strength (right hand)
Wands
 C - a wand of polymorph (5)
 F - a wand of acid (8) {@v1}
Scrolls
 e - 4 scrolls of remove curse {@r2}
 g - 4 scrolls of teleportation {@r3}
 l - 5 scrolls of identify {@r1}
 m - a scroll of magic mapping {@r5}
 q - 3 scrolls of fear
 w - a scroll of vulnerability
Potions
 a - a potion of lignification {unknown}
 d - a potion of might {@q3}
 f - 7 potions of curing {@q1}
 h - 8 potions of heal wounds {@q2}
 i - a potion of magic
 k - 5 potions of flight
 n - a potion of cancellation {unknown}
 o - a potion of stabbing {@q5}
 r - 5 potions of degeneration {unknown}
 s - 2 potions of mutation {unknown}
 t - 2 potions of haste {unknown}
 A - a potion of invisibility {unknown}
Miscellaneous
 E - a condenser vane (2/2)


   Skills:
 + Level 6.7(0.1) Fighting
 * Level 10.5(3.2) Axes
 + Level 8.0(1.2) Armour
 + Level 8.0(1.1) Shields
 + Level 7.0(0.4) Invocations
 + Level 2.7(0.0) Evocations


You had 9 spell levels left.
You didn't know any spells.
Your spell library was empty.

Dungeon Overview and Level Annotations

Branches:
Dungeon (10/15)            Temple (1/1) D:5             Orc (0/2) D:10
  Sewer (visited)         Ossuary (visited)
   Lair: D:8-11

Altars:
Ashenzari
Cheibriados
Dithmenos
Elyvilon
Gozag
Hepliaklqana
Makhleb
Nemelex Xobeh
Okawaru
Sif Muna
Trog
Uskayaw
Wu Jian
Xom
Yredelemnul
Zin
Beogh

Shops:
D:7 [   D:8 *   D:10 [

Annotations:
D:8 1 runed translucent door, exclusion: ice statue, Borgoz's ghost, novice GrBe
D:10 Urug


Innate Abilities, Weirdness & Mutations

You are resistant to damage.
You can heal yourself by infusing magical energy.
You passively map the area around you.
You do not regenerate.


Message History

You block Urug's attack.
Your plate armour prevents you from hitting Urug.
Urug is lightly wounded.
Urug hits you with a +3 demon trident of draining!!
You feel drained.
* * * LOW HITPOINT WARNING * * *
You block Urug's attack.
You are too injured to fight recklessly!
You are too injured to fight recklessly!
You are too injured to fight recklessly!
You are too injured to fight recklessly!
You are too injured to fight recklessly!
You are too injured to fight recklessly!
You are too injured to fight recklessly!
You are too injured to fight recklessly!
You are too injured to fight recklessly!
You are too injured to fight recklessly!
You feel much better.
Urug hits you with a +3 demon trident of draining!
You feel drained.
You feel much better. You block Urug's attack.
Urug hits you with a +3 demon trident of draining!
You feel drained.
A demon appears!
You block Urug's attack.
Your magical essence is drained by the effort!
You feel much better. You block Urug's attack.
Your smoke demon hits Urug!
Your smoke demon hits Urug but does no damage. x2
Urug hits your smoke demon with a +3 demon trident of draining.
You feel much better. Urug barely misses your smoke demon.
Your smoke demon hits Urug.
Your smoke demon hits Urug but does no damage. x2
You strike the helpless Urug from behind!
You hit Urug but do no damage.
Urug is lightly wounded.
Urug hits you but does no damage.
You feel drained.
Your smoke demon hits Urug but does no damage.
Your smoke demon hits Urug.
Your smoke demon closely misses Urug.
Urug completely misses you.
You closely miss Urug.
Urug is lightly wounded.
Urug hits you with a +3 demon trident of draining!
You feel drained.
Your smoke demon hits Urug. x2
Your smoke demon barely misses Urug.
You closely miss Urug.
Urug is lightly wounded.
You block Urug's attack.
Your smoke demon hits Urug but does no damage. x3
Urug hits your smoke demon with a +3 demon trident of draining!!!
Your smoke demon dies!
Urug shouts!
You closely miss Urug.
Urug is lightly wounded.
Urug hits you with a +3 demon trident of draining.
You feel drained. You block Urug's attack.
You hit Urug. You freeze Urug.
Urug is moderately wounded.
Urug hits you but does no damage.
You feel drained.
Your plate armour prevents you from hitting Urug.
Urug is moderately wounded.
Urug hits you but does no damage.
You feel drained. Urug closely misses you.
You hit Urug. You freeze Urug.
Urug is moderately wounded.
Urug hits you but does no damage.
You feel drained.
Urug hits you with a +3 demon trident of draining!!
You feel drained.
You are too injured to fight recklessly!
You are too injured to fight recklessly!
You are too injured to fight recklessly!
You are too injured to fight recklessly!
You are too injured to fight recklessly!
You are too injured to fight recklessly!
You are too injured to fight recklessly!
You are too injured to fight recklessly!
You are too injured to fight recklessly!
You are too injured to fight recklessly!
You are too injured to fight recklessly!
You are too injured to fight recklessly!
You feel much better. You block Urug's attack.
A demon appears!
Urug hits you with a +3 demon trident of draining!
You feel drained.
Urug hits you with a +3 demon trident of draining!!
* * * LOW HITPOINT WARNING * * *
You feel drained.
* * * LOW HITPOINT WARNING * * *
Your magical essence is drained by the effort!
You feel much better.
Urug hits you with a +3 demon trident of draining!!
* * * LOW HITPOINT WARNING * * *
You feel drained.
* * * LOW HITPOINT WARNING * * *
Your neqoxec barely misses Urug.
Your magical essence is drained by the effort!
You feel much better. You block Urug's attack.
Your neqoxec hits Urug but does no damage.
A demon appears!
Urug hits you with a +3 demon trident of draining!!
* * * LOW HITPOINT WARNING * * *
You feel drained.
You die...

,..##' #...##..####.###
#...,###...##'#####.###
#....#.................
#....#((...............
#....'..:......<......#
*#....#.##..##.##....#+#
...###.############....
. +....# #.... * ,
#..@3# #.... , , #.3o.#
#.... ,, ##..## #...?
#### #####.... ,
#....#### #....#..# * ,
#....+..# * *
####....#..#
#....#'##..#


You could see Urug (berserk), a friendly neqoxec (summoned) and a friendly
ynoxinul (summoned).

Vanquished Creatures
  Erica (D:8)
  Prince Ribbit (D:7)
  2 trolls (D:10)
  3 hippogriffs
  A wraith (D:10)
  A steam dragon (D:7)
  Menkaure (Ossuary)
  Edmund (D:6)
  A water moccasin (D:7)
  An ice beast (D:6)
  A hornet zombie (D:6)
  2 necrophages (D:8)
  9 orc warriors
  A phantom (D:5)
  3 ogres
  6 centaurs
  A big kobold (D:9)
  2 bullfrogs
  2 scorpions
  A water moccasin skeleton (D:6)
  A howler monkey (D:9)
  2 bullfrog zombies
  3 jellies
  A quasit (D:9)
  3 hounds
  5 orc priests
  A bullfrog skeleton (D:5)
  2 iguanas
  8 orc wizards
  5 worker ants
  3 mummies (Ossuary)
  A hound zombie (D:5)
  A hound skeleton (D:4)
  A howler monkey zombie (D:8)
  3 adders
  2 howler monkey skeletons
  6 river rats (Sewer)
  2 white imps
  An ufetubus (D:5)
  2 adder zombies
  3 adder skeletons
  A dart slug (D:1)
  6 leopard geckos
  44 orcs
  5 giant cockroaches
  4 hobgoblins
  10 jackals
  22 kobolds
  8 ball pythons
  3 bats
  3 frilled lizards
  4 gnoll skeletons (Ossuary)
  5 gnoll zombies (Ossuary)
  A goblin (D:1)
  3 goblin skeletons (Ossuary)
  2 goblin zombies
  3 hobgoblin skeletons (Ossuary)
  3 hobgoblin zombies (Ossuary)
  A jackal zombie (D:6)
  4 kobold skeletons (Ossuary)
  2 kobold zombies (Ossuary)
  3 orc skeletons (Ossuary)
  7 orc zombies (Ossuary)
  2 quokka skeletons
  A quokka zombie (D:8)
  18 rats (Sewer)
  7 rat skeletons (Ossuary)
  6 rat zombies (Ossuary)
275 creatures vanquished.

Vanquished Creatures (others)
  A kobold zombie (Ossuary)
  An orc skeleton (Ossuary)
2 creatures vanquished.

Grand Total: 277 creatures vanquished

Notes
Turn   | Place    | Note
-------+----------+-------------------------------------------
     0 | D:1      | EnegeticOcto the Deep Dwarf Fighter began the quest for the
                  | Orb.
     0 | D:1      | Reached XP level 1. HP: 20/20 MP: 1/1
    80 | D:1      | Reached XP level 2. HP: 24/27 MP: 2/2
   243 | D:4      | Found an iron altar of Okawaru.
   257 | D:4      | Reached skill level 3 in Axes
   257 | D:4      | Reached XP level 3. HP: 16/34 MP: 3/3
   274 | D:4      | Reached XP level 4. HP: 36/42 MP: 4/4
   316 | D:4      | Noticed a centaur
   328 | D:4      | Killed a centaur
   328 | D:4      | Reached skill level 4 in Axes
   328 | D:4      | Reached XP level 5. HP: 23/49 MP: 5/5
   417 | D:4      | Reached XP level 6. HP: 49/56 MP: 5/5
   552 | D:4      | Reached skill level 5 in Axes
   721 | D:5      | Entered Level 5 of the Dungeon
   763 | D:5      | Found a glowing drain.
   775 | Sewer    | Entered a sewer
  1075 | Sewer    | Reached XP level 7. HP: 42/64 MP: 4/4
  1180 | D:5      | Found a bloodstained altar of Trog.
  1228 | D:5      | Reached skill level 5 in Armour
  1292 | D:5      | Found a staircase to the Ecumenical Temple.
  1309 | D:5      | Reached skill level 5 in Shields
  1318 | Temple   | Entered the Ecumenical Temple
  1325 | Temple   | Became a worshipper of Makhleb the Destroyer
  1345 | D:5      | Found a glowing silver altar of Zin.
  1370 | D:5      | Reached skill level 6 in Axes
  1549 | D:5      | Reached skill level 1 in Invocations
  1900 | D:6      | Found a hide-covered altar of Uskayaw.
  2009 | D:6      | Noticed Edmund
  2042 | D:6      | Killed Edmund
  2042 | D:6      | Reached XP level 8. HP: 52/73 MP: 5/5
  2452 | D:6      | Reached skill level 7 in Axes
  2854 | D:7      | Reached * piety under Makhleb
  2925 | D:7      | Found Aleigupeych's Antique Armour Shop.
  2989 | D:7      | Reached skill level 5 in Fighting
  2992 | D:7      | Found an ornate altar of the Wu Jian Council.
  3032 | D:7      | Noticed a hippogriff
  3042 | D:7      | Killed a hippogriff
  3309 | D:7      | Reached skill level 8 in Axes
  3330 | D:7      | Noticed Prince Ribbit
  3364 | D:7      | Killed Prince Ribbit
  3364 | D:7      | Gained mutation: You passively map the area around you.
                  | [Deep Dwarf growth]
  3364 | D:7      | Reached XP level 9. HP: 36/81 MP: 4/4
  3953 | D:8      | Reached skill level 5 in Invocations
  4026 | D:8      | Noticed an ice statue
  4124 | D:8      | Reached skill level 9 in Axes
  4145 | D:8      | Found a sand-covered staircase.
  4153 | Ossuary  | Entered an ossuary
  4181 | Ossuary  | Reached ** piety under Makhleb
  4421 | Ossuary  | Noticed Menkaure
  4443 | Ossuary  | Killed Menkaure
  4498 | D:8      | Reached *** piety under Makhleb
  4583 | D:8      | Noticed Erica
  4601 | D:8      | Killed Erica
  4684 | D:8      | Found Rujilibu's Assorted Antiques.
  4690 | D:8      | Bought a scroll labeled NOFASAI ROMISCH for 32 gold pieces
  4729 | D:8      | Found a runed translucent door.
  4729 | D:8      | Noticed Borgoz's ghost (novice GrBe)
  4911 | D:9      | Reached XP level 10. HP: 61/91 MP: 6/6
  5129 | D:9      | Found a hazy altar of Hepliaklqana.
  5136 | D:9      | Reached skill level 10 in Axes
  5409 | D:10     | Entered Level 10 of the Dungeon
  5481 | D:7      | Bought a brightly glowing chain mail for 275 gold pieces
  5491 | D:7      | Identified the cursed +1 chain mail of Poor Excuses {-Tele
                  | Str+5} (You bought it in a shop on level 7 of the Dungeon)
  5547 | D:10     | Reached skill level 1 in Evocations
  5555 | D:10     | Found Luefu's Armour Shop.
  5585 | D:10     | Found a roughly hewn altar of Beogh.
  5585 | D:10     | Found a staircase to the Orcish Mines.
  5633 | D:10     | Reached **** piety under Makhleb
  5848 | D:10     | Noticed Urug
  5875 | D:10     | HP: 3/92 [Urug/+3 demon trident of draining (34)]
  5875 | D:10     | Mangled by Urug

Illustrated notes

Levels and vault maps discovered:
D:1:      dpeg_arrival_boxorama, layout_loops_ring, serial_bayou_pond_a,
          skrybe_limestone_x
D:2:      layout_loops_corners, uniq_sigmund
D:3:      layout_basic, nicolae_overflow_crystal_walls,
          chequers_ecumenical_altar_simple_redux, uniq_terence, uniq_ijyb
D:4:      layout_cave_pools, nicolae_overflow_hidden_temple, old_standard_altar
D:5:      layout_basic, kennysheep_mini_moat, overflow_temple_1_default,
          minmay_temple_entry_statues_fountains, gup_sewer_entry_pipe
D:6:      layout_basic, marbit_many_paths, uniq_edmund
D:7:      layout_gridville, lemuel_round_altar, serial_shops, shop,
          uniq_prince_ribbit1
D:8:      lemuel_ice_statue, layout_basic, serial_shops, shop, enter_ossuary_4,
          hellmonk_ghost_happy_afterlife, uniq_erica
D:9:      layout_rooms, lemuel_round_altar, minmay_misc_feat_five
D:10:     layout_gridville, david_orc_5, serial_shops, shop, uniq_urug
Temple:   eino_temple_lava

Skill      XL: |  1  2  3  4  5  6  7  8  9 10 |
---------------+-------------------------------+-----
Fighting       | 3 4 5 6 |  6.7
Axes           | 3 4 5 6 8 9 10 | 10.5
Armour         | 4 5 6 7 8 |  8.0
Shields        | 4 5 6 7 8 |  8.0
Invocations    | 2 4 6 7 |  7.0
Evocations     | 2 |  2.7

Action                   |  1- 3 |  4- 6 |  7- 9 | 10-12 || total
-------------------------+-------+-------+-------+-------++-------
Melee: War axe           |    59 |     7 |   253 |   164 ||   483
       Hand axe          |       |   161 |   243 |       ||   404
Invok: Lesser Servant of |       |       |       |     3 ||     3
 Abil: Heal Wounds       |     1 |     5 |    16 |    11 ||    33
  Use: Scroll            |       |     3 |    16 |     2 ||    21
       Potion            |       |       |     1 |       ||     1
 Stab: Distracted        |       |       |       |     1 ||     1
Armor: Scale mail        |    31 |    56 |    37 |       ||   124
       Chain mail        |       |       |    77 |    25 ||   102
       Plate armour      |       |       |       |    39 ||    39
Dodge: Dodged            |    20 |    44 |   123 |    70 ||   257
Block: Kite shield       |    33 |   117 |   249 |   133 ||   532

Table legend: (Time is in decaauts)
 A = Elapsed time spent in this place.
 B = Non-inter-level travel time spent in this place.
 C = Inter-level travel time spent in this place.
 D = Time resting spent in this place.
 E = Time spent auto-exploring this place.
 F = Levels seen in this place.
 G = Mean time per level.
                   A        B        C        D        E       F      G
               +--------+--------+--------+--------+--------+-----+--------+
         Total |   6002 |   5515 |    487 |      0 |   3675 |  13 |  461.7 |
       Dungeon |   5242 |   4761 |    481 |      0 |   3365 |  10 |  524.2 |
        Temple |     14 |      8 |      6 |      0 |      0 |   1 |   14.0 |
         Sewer |    395 |    395 |      0 |      0 |    203 |   1 |  395.0 |
       Ossuary |    350 |    350 |      0 |      0 |    107 |   1 |  350.0 |
               +--------+--------+--------+--------+--------+-----+--------+

Top non-repeatable levels by time:
     D:7: 1063 daAuts
     D:6: 1027 daAuts
     D:8: 743 daAuts
     D:5: 721 daAuts
     D:9: 576 daAuts
     D:4: 495 daAuts
   Sewer: 395 daAuts
    D:10: 351 daAuts
 Ossuary: 350 daAuts
     D:1: 163 daAuts
     D:2: 78 daAuts
     D:3: 21 daAuts
  Temple: 14 daAuts
